 Dungeon Crawl Stone Soup version 0.30-a0-634-g8abc85282e (webtiles) character file.

Game seed: 14132938213679300390

44 kae the Insei (level 3, -1/26 HPs)
             Began as a Demonspawn Transmuter on Jan 14, 2023.
             Slain by Crazy Yiuf
             ... wielding a +2 quarterstaff of chaos
              (17 damage)
             ... while paralysed by Crazy Yiuf
             ... on level 2 of the Dungeon.
             The game lasted 00:01:20 (1629 turns).

kae the Insei (Demonspawn Transmuter)               Turns: 1629, Time: 00:01:21

Health: -1/26      AC:  2    Str: 10    XL:     3   Next: 39%
Magic:  2/6        EV:  5    Int: 16    God:
Gold:   44         SH:  0    Dex: 20    Spells: 0/6 levels left

rFire   . . .      SeeInvis .      - Unarmed
rCold   . . .      Faith    .    (shield currently unavailable)
rNeg    . . .      Spirit   .    (body armour currently unavailable)
rPois   x          Reflect  .    (helmet currently unavailable)
rElec   .          Harm     .    (cloak currently unavailable)
rCorr   .          Rampage  .    (gloves currently unavailable)
Will    .....                    (boots currently unavailable)
Stlth   +++                      (no amulet)
HPRegen 0.24/turn                (no ring)
MPRegen 0.10/turn                (no ring)

@: paralysed, spider-form
A: venomous fangs, tiny, thin skeletal structure 1
a: End Transformation


You were on level 2 of the Dungeon.
You were a venomous arachnid creature.
You visited 1 branch of the dungeon, and saw 2 of its levels.

You collected 44 gold pieces.


Innate Abilities, Weirdness & Mutations

You are a venomous arachnid creature.
You have venomous fangs.
You are tiny and dextrous.
Your spellcasting is less reliable in this form.
Your armour is entirely melded.
You are incapable of wielding weapons or throwing items.
You have a somewhat thin skeletal structure. (Dex +2, Stealth+)


   Skills:
 - Level 1.0 Fighting
 - Level 1.7 Dodging
 + Level 3.1 Unarmed Combat
 + Level 2.4 Spellcasting
 * Level 2.7 Transmutations
 * Level 0.1 Poison Magic


You couldn't memorise any spells.
You knew the following spells:

 Your Spells              Type           Power      Damage    Failure   Level
a - Beastly Appendage     Tmut           20%        N/A       17%         1
b - Wereblood             Tmut           10%        N/A       24%         2
c - Spider Form           Tmut/Pois      6%         N/A       54%         3

Your spell library contained the following spells:

 Spells                   Type           Power      Damage    Failure   Level
 Ice Form                 Ice/Tmut       6%         N/A       88%         4
 Passage of Golubria      Tloc           1%         N/A       97%         4
 Silence                  Hex/Air        0%         N/A       100%        5
 Lehudib's Crystal Spear  Conj/Erth      0%         10d2      100%        8

Inventory:

Missiles
 c - 18 stones
 d - a throwing net {=f!f}
 g - 2 poisoned darts
 h - 2 boomerangs
Armour
 a - a +0 robe (melded)
Scrolls
 i - a scroll of identify {unknown}
Potions
 b - 4 potions of lignification {!q}
 e - a potion of resistance {unknown}
 f - a potion of ambrosia {unknown}
 j - a potion of berserk rage {unknown}

Dungeon Overview and Level Annotations

Branches:
Dungeon (2/15) Zot: 10373

Altars:

Annotations:
D:2 Crazy Yiuf

###.##.###.####....##
#..####. .##.)......#
#....# #..# #.
.#####.##### #.PP.#
#..# #. .#####.#####
##PP.# #..# #.
......#....# ##.##
#..# #. .........###
##.# #..# #.
####.....# #.##
###..####. ..<......#
##.# #...†.†)..
####.....# #s##
#.#..##### #
#.....### #g# #.#..#
#####..#...# ...
#.#..# .........###
#...# #....#
#####..### #)..#
#...## #.....# #####
#....# #.##.## #....#
#.##)##########
#######....####
#.##...<......#
#..##.........##


You could see Crazy Yiuf (very poisoned).


Message History

The goblin shouts!
The goblin unwields a +0 club.
The goblin wields a +0 sling.
The goblin shoots a sling bullet.
The sling bullet hits you. 😕 HP[-5]
You take 5 damage, and now have 21/26 hp.
Casting: Beastly Appendage (safe; 6% risk of failure)
Confirm with . or Enter, or press ? or * to list all spells.
You grow a pair of large bovine horns.
Your feet morph into talons.
The goblin shoots a sling bullet.
The sling bullet hits you.
The goblin shoots a sling bullet.
The sling bullet hits you. 😮 HP[-6] MP[-1]
You take 6 damage, and now have 15/26 hp.
MASSIVE DAMAGE!! (PAUSE)
You lost 1 mp, and now have 5/6 mp.
Unknown command.
The goblin shoots a sling bullet.
The sling bullet closely misses you.
Casting: Beastly Appendage (safe; 6% risk of failure)
Confirm with . or Enter, or press ? or * to list all spells.
You fail to extend your transformation any further.
The goblin shoots a sling bullet.
The sling bullet hits you.
* * * LOW HITPOINT WARNING * * *
😨 HP[-4] MP[-1]
You take 4 damage, and now have 11/26 hp.
You lost 1 mp, and now have 4/6 mp.
You barely miss the goblin. You claw the goblin.
You kill the goblin!
Things that are here:
a +0 sling; a +0 club; a goblin corpse Unknown command. 😨 HP[+1] MP[+1] Unknown command.
Your transformation is almost over.
Key pressed, stopping explore.
Your horns disappear.
Your talons disappear.
A giant cockroach comes into view. 😎 HP[+14] MP[+1]
Your hp is fully restored (26).
Your mp is fully restored (6).
Unknown command.
A giant cockroach is nearby!
A giant cockroach is nearby!
A giant cockroach is nearby!
Casting: Beastly Appendage (safe; 6% risk of failure)
Confirm with . or Enter, or press ? or * to list all spells.
You grow a pair of large bovine horns.
Your feet morph into talons. 😎 MP[-1]
You lost 1 mp, and now have 5/6 mp.
You closely miss the giant cockroach. You claw the giant cockroach.
You kill the giant cockroach!
No target in view!
Your transformation is almost over.
Your horns disappear.
Your talons disappear.
b - 4 potions of lignification {!q} (gained 1) Key pressed, stopping explore.
Crazy Yiuf shouts!
Crazy Yiuf grits, "Ice leg ladder!" 😎 MP[+1]
Your mp is fully restored (6).
Could not explore, unopened runed door.
Could not explore, unopened runed door.
Could not explore, unopened runed door.
Casting: Beastly Appendage (safe; 6% risk of failure)
Confirm with . or Enter, or press ? or * to list all spells.
The spell is extremely dangerous to miscast (32% risk of failure)!
Continue anyway? [Y]es or [N]o only, please.
The spell is extremely dangerous to miscast (32% risk of failure)!
Continue anyway?
You miscast Spider Form.
You are very lightly contaminated with residual magic.
Your limbs ache and wobble like jelly.
Crazy Yiuf says, "Gnoll unthinkable rumpyflump!" 😎 MP[-3]
You lost 3 mp, and now have 3/6 mp.
You start resting.
Crazy Yiuf says, "Papa noodlescoop sallow!"
Crazy Yiuf yells, "Blight!
Peeping action seventy."
Crazy Yiuf cries, "Peeping sow snail!"
Crazy Yiuf cries, "You leg down broken song, no?" 😎 MP[+2]
You regained 2 mp, and now have 5/6 mp.
Casting: Spider Form (extremely dangerous; 32% risk of failure)
Confirm with . or Enter, or press ? or * to list all spells.
The spell is extremely dangerous to miscast (32% risk of failure)!
Continue anyway? [Y]es or [N]o only, please.
The spell is extremely dangerous to miscast (32% risk of failure)!
Continue anyway?
You turn into a venomous arachnid creature.
Your +0 robe melds into your body. 😎 MP[-3]
You lost 3 mp, and now have 2/6 mp.
As you open the door, it creaks loudly!
You hit Crazy Yiuf.
Crazy Yiuf is poisoned.
Crazy Yiuf screams, "Pitchfork hog poople!"
Crazy Yiuf barely misses you.
You hit Crazy Yiuf.
Crazy Yiuf looks even sicker.
Crazy Yiuf flaps his cloak.
Crazy Yiuf hits you with a +2 quarterstaff of chaos!
You suddenly lose the ability to move!
Your magical contamination has completely faded away.
Crazy Yiuf barely misses you.
Crazy Yiuf hits you with a +2 quarterstaff of chaos!
Ouch! That really hurt!
You die...

Skill      XL: |  1  2 |
---------------+-------+-----
Transmutations | 2 |  2.7
Unarmed Combat | 3 |  3.1
Fighting       | |  1.0
Dodging        | |  1.7
Spellcasting   | |  2.4
Poison Magic   | |  0.1

Action                   || total
-------------------------++-------
Melee: Unarmed           ||    78
       Kick              ||    18
       Headbutt          ||     4
       Punch             ||     1
 Cast: Beastly Appendage ||    20
       Spider Form       ||     1
       Wereblood         ||     1
  Use: Scroll            ||     1
 Stab: Sleeping          ||     1
Armor: Robe              ||    14
Dodge: Dodged            ||    53

Levels and vault maps discovered:
D:1:      matt_arrival_grand_opening, layout_loops_ring, hangedman_decor_push,
          hangedman_decor_opposing
D:2:      layout_loops_ring, uniq_crazy_yiuf_cottage

Notes
Turn   | Place    | Note
-------+----------+-------------------------------------------
     0 | D:1      | kae the Demonspawn Transmuter began the quest for the Orb.
     0 | D:1      | Reached XP level 1. HP: 15/15 MP: 3/3
     0 | D:1      | magus.rc [v1.11.3]
    29 | D:1      | Reached skill level 2 in Transmutations
   155 | D:1      | Gained mutation: You have a somewhat thin skeletal
                  | structure. (Dex +2, Stealth+) [demonic ancestry]
   155 | D:1      | Reached XP level 2. HP: 19/21 MP: 3/5
   834 | D:1      | Learned a level 2 spell: Wereblood
  1030 | D:2      | Reached skill level 3 in Unarmed Combat
  1083 | D:2      | Found a runed translucent door.
  1084 | D:2      | Noticed Crazy Yiuf
  1148 | D:2      | Reached XP level 3. HP: 25/26 MP: 4/6
  1177 | D:2      | Learned a level 3 spell: Spider Form
  1304 | D:2      | You pick up a book of the Moon and begin reading...
  1304 | D:2      | You add the spells Passage of Golubria, Silence and
                  | Lehudib's Crystal Spear to your library.
  1627 | D:2      | Paralysed by Crazy Yiuf for 4 turns
  1629 | D:2      | Slain by Crazy Yiuf

Vanquished Creatures
  2 worms (D:2)
  5 endoplasms
  A giant cockroach (D:2)
  3 goblins
  4 hobgoblins
  4 jackals (D:1)
  2 ball pythons
  A bat (D:1)
  2 frilled lizards (D:1)
  4 kobolds
  6 rats
34 creatures vanquished.

Table legend:
 A = Non-vault XP
 B = Vault XP
 C = Vault XP percentage of total XP
 D = Non-vault monster count
 E = Vault monster count
 F = Vault count percentage of total count
                 A         B        C        D         E       F
            +---------+---------+-------+---------+---------+-------
      Total |      63 |       0 |   0.0 |      34 |       0 |   0.0
            +---------+---------+-------+---------+---------+-------
        D:1 |      25 |       0 |   0.0 |      16 |       0 |   0.0
        D:2 |      38 |       0 |   0.0 |      18 |       0 |   0.0
            +---------+---------+-------+---------+---------+-------

Illustrated notes

Table legend:
 A = Kills in this place as a percentage of kills in entire the game.
 B = Kills by you in this place as a percentage of kills by you in the entire game.
 C = Kills by friends in this place as a percentage of kills by friends in the entire game.
 D = Other kills in this place as a percentage of other kills in the entire game.
 E = Experience gained in this place as a percentage of experience gained in the entire game.
 F = Experience gained in this place divided by the number of levels of this place that you have seen.
                   A       B       C       D       E      F
               +-------+-------+-------+-------+-------+----------------------
         Total | 100.0 | 100.0 |   N/A |   N/A | 100.0 |  31.5
       Dungeon | 100.0 | 100.0 |   N/A |   N/A | 100.0 |  31.5
               +-------+-------+-------+-------+-------+----------------------

Table legend: (Time is in decaauts)
 A = Elapsed time spent in this place.
 B = Non-inter-level travel time spent in this place.
 C = Inter-level travel time spent in this place.
 D = Time resting spent in this place.
 E = Time spent auto-exploring this place.
 F = Levels seen in this place.
 G = Mean time per level.
                   A        B        C        D        E       F      G
               +--------+--------+--------+--------+--------+-----+--------+
         Total |   1625 |   1603 |     22 |     23 |   1327 |   2 |  812.5 |
       Dungeon |   1625 |   1603 |     22 |     23 |   1327 |   2 |  812.5 |
               +--------+--------+--------+--------+--------+-----+--------+

Top non-repeatable levels by time:
     D:1: 854 daAuts
     D:2: 771 daAuts
